 Dungeon Crawl Stone Soup version 0.30-a0-883-g5ad918d77d (webtiles) character file.

Game seed: 18042644964554338876

468 Jeffwins the Trooper (level 7, 0/54 HPs)
             Began as a Human Wanderer on Mar 16, 2023.
             Was a Follower of Vehumet.
             Shot with an arrow by a centaur (6 damage)
             ... on level 5 of the Dungeon on Mar 17, 2023.
             The game lasted 00:08:00 (4528 turns).

Jeffwins the Trooper (Human Wanderer)               Turns: 4528, Time: 00:08:01

Health: 0/54       AC:  7    Str: 18    XL:     7   Next: 30%
Magic:  14/20      EV: 11    Int: 10    God:    Vehumet [*.....]
Gold:   290        SH:  4    Dex: 11    Spells: 10/11 levels left

rFire   + . .      SeeInvis .    a - +3 trident
rCold   . . .      Faith    .    i - +0 buckler
rNeg    . . .      Spirit   .    d - +0 leather armour
rPois   .          Reflect  .    (no helmet)
rElec   .          Rampage  .    g - +0 cloak
rCorr   .                        w - +0 pair of gloves
Will    .....                    t - +1 pair of boots
Stlth   +                        (no amulet)
HPRegen 0.29/turn                F - ring of protection from fire
MPRegen 0.17/turn                W - ring of magical power

@: no status effects
A: no striking features
a: Renounce Religion


You were on level 5 of the Dungeon.
You worshipped Vehumet.
Vehumet was aware of your devotion.
You visited 2 branches of the dungeon, and saw 6 of its levels.

You collected 290 gold pieces.


   Skills:
 - Level 4.0 Fighting
 - Level 1.0 Throwing
 - Level 1.0 Armour
 - Level 1.0 Dodging
 + Level 1.6 Shields
 * Level 2.8 Spellcasting
 * Level 2.7 Conjurations
 * Level 2.7 Ice Magic
 * Level 2.8 Air Magic
 * Level 3.5 Earth Magic


You had 10 spell levels left.
You knew the following spells:

 Your Spells              Type           Power      Damage    Failure   Level
z - Sandblast             Erth           16%        2d6       11%         1

Your spell library contained the following spells:

 Spells                   Type           Power      Damage    Failure   Level
 Shock                    Conj/Air       24%        1d4       16%         1
 Kindle Blastsparks       Fire/Tloc/Air  6%         2d10      67%         3
 Ignite Poison            Fire/Tmut/Pois 1%         N/A       80%         3
 Animate Armour           Summ/Erth      8%         N/A       92%         4
 Petrify                  Tmut/Erth      4%         N/A       92%         4
 Freezing Cloud           Conj/Ice/Air   3%         6-21      99%         5

Inventory:

Hand Weapons
 a - a +3 trident (weapon)
 u - a +0 short sword of draining
Armour
 d - a +0 leather armour (worn)
 g - a +0 cloak (worn)
 i - a +0 buckler (worn)
 t - a +1 pair of boots (worn)
 w - a +0 pair of gloves (worn)
Jewellery
 x - a ring of willpower
 F - a ring of protection from fire (left hand)
 R - a ring of resist corrosion
 W - a ring of magical power (right hand)
 X - a +6 ring of dexterity
Wands
 k - a wand of flame (4)
Scrolls
 c - 3 scrolls of fear
 f - a scroll of enchant armour {unknown}
 j - a scroll of teleportation {unknown}
 n - 4 scrolls of butterflies {unknown}
 o - 2 scrolls of identify {unknown}
 p - a scroll of poison {unknown}
 q - 2 scrolls of blinking {unknown}
 r - 2 scrolls of vulnerability {unknown}
Potions
 b - a potion of lignification {!q}
 e - 2 potions of curing {@q1}
 h - a potion of heal wounds {unknown}
 l - a potion of haste {unknown}
 m - 3 potions of attraction {unknown}
 s - a potion of mutation {unknown}
 v - 2 potions of brilliance {unknown}
 z - a potion of berserk rage {unknown}
 A - a potion of flight {unknown}
 B - a potion of ambrosia {unknown}

Dungeon Overview and Level Annotations

Branches:
Dungeon (5/15)             Temple (1/1) D:4

Altars:
Cheibriados
Dithmenos
Fedhas
Makhleb
Qazlal
Sif Muna
Trog
Uskayaw
Vehumet
Yredelemnul
The Shining One

Shops:
D:3

( #.# #.#
#.# #
#.#####.#
####.#....
#.....c.#
#.......#
#.#...@...#
#....<..[.#
###.......#
#.......#
#.......#
####.####
#.. ###


You could see a centaur.


Message History

The centaur is heavily wounded.
The centaur shoots an arrow.
You block the arrow.
Casting: Sandblast (safe; 11% risk of failure)
Confirm with . or Enter, or press ? or * to list all spells.
Aiming: Sandblast (safe; 11% risk of failure)
Press: ? - help, Shift-Dir - straight line, f/p - centaur
Aim: a centaur, wielding a +1 heavy shortbow (heavily wounded, 88% to hit)
The blast of sand hits the centaur.
The centaur is severely wounded.
The centaur shoots an arrow.
The arrow hits you!
* * * LOW HITPOINT WARNING * * *
Casting: Sandblast (safe; 11% risk of failure)
Confirm with . or Enter, or press ? or * to list all spells.
Aiming: Sandblast (safe; 11% risk of failure)
Press: ? - help, Shift-Dir - straight line, f/p - centaur
Aim: a centaur, wielding a +1 heavy shortbow (severely wounded, 88% to hit)
The blast of sand hits the centaur.
The centaur is severely wounded.
The centaur shoots an arrow.
The arrow hits you!
* * * LOW HITPOINT WARNING * * *
Casting: Sandblast (safe; 11% risk of failure)
Confirm with . or Enter, or press ? or * to list all spells.
Aiming: Sandblast (safe; 11% risk of failure)
Press: ? - help, Shift-Dir - straight line, f/p - centaur
Aim: a centaur, wielding a +1 heavy shortbow (severely wounded, 88% to hit)
The blast of sand hits the centaur but does no damage.
The centaur is severely wounded.
The centaur shoots an arrow.
The arrow barely misses you.
The centaur shoots an arrow.
The arrow hits you.
You die...

Skill      XL: |  1  2  3  4  5 |
---------------+----------------+-----
Conjurations   | 1 2 |  2.7
Ice Magic      | 1 2 |  2.7
Air Magic      | 1 2 |  2.8
Shields        | 1 |  1.6
Spellcasting   | 2 |  2.8
Earth Magic    | 3 |  3.5
Fighting       | |  4.0
Throwing       | |  1.0
Armour         | |  1.0
Dodging        | |  1.0

Action                     |  1- 3 |  4- 6 |  7- 9 || total
---------------------------+-------+-------+-------++-------
  Melee: Club              |    16 |       |       ||    16
         Whip              |    12 |     7 |       ||    19
         Short sword       |       |    17 |       ||    17
         Trident           |       |       |     1 ||     1
   Cast: Sandblast         |    43 |   112 |    28 ||   183
  Evoke: Wand              |       |     7 |       ||     7
    Use: Potion            |       |     2 |       ||     2
 Armour: Leather armour    |    16 |    32 |     6 ||    54
         Skin              |       |    25 |       ||    25
  Dodge: Dodged            |    35 |    52 |    14 ||   101
  Block: Buckler           |       |    16 |     5 ||    21

Levels and vault maps discovered:
D:1:      nicolae_arrival_washed_ashore, layout_rooms, roderic_lattice_a
D:2:      layout_rooms, hangedman_glass_teeth
D:3:      gammafunk_steamed_eel, layout_basic, led_sif_pool, serial_shops, shop,
          palyth_stone_intersect, minmay_gold_behind_fungi, kennysheep_doodads
D:4:      layout_loops_ring, minmay_temple_entry_enclosed_plants,
          kennysheep_generic_room_2, uniq_blork_the_orc
D:5:      corexii_shack_village, layout_loops_ring, serial_shops,
          nicolae_shop_window_shopping, supply_closet_lemuel
Temple:   nicolae_temple_the_god_donut

Notes
Turn   | Place    | Note
-------+----------+-------------------------------------------
     0 | D:1      | Jeffwins the Human Wanderer began the quest for the Orb.
     0 | D:1      | Jeffwins set off with the following items: a +0 club, a
                  | potion of lignification {!q}, a scroll of fear, a +0
                  | leather armour, a potion of curing {@q1}; and the following
                  | spell memorised: Sandblast; and the following spells
                  | available to memorise: Animate Armour, Petrify.
     0 | D:1      | Reached XP level 1. HP: 19/19 MP: 2/2
   121 | D:1      | Reached XP level 2. HP: 25/25 MP: 1/3
   719 | D:1      | Reached XP level 3. HP: 26/30 MP: 0/5
  1047 | D:2      | Reached skill level 1 in Conjurations
  1047 | D:2      | Reached skill level 1 in Ice Magic
  1047 | D:2      | Reached skill level 1 in Air Magic
  1237 | D:2      | Reached XP level 4. HP: 25/37 MP: 0/6
  1299 | D:2      | You fall into a shaft and drop 2 floors!
  1623 | D:3      | Found Quxam's Weapon Shop.
  1694 | D:3      | Found a transporter.
  2374 | D:3      | Reached XP level 5. HP: 42/42 MP: 7/7
  2531 | D:3      | Found a transporter.
  2644 | D:3      | Noticed an ice beast
  2660 | D:3      | Killed an ice beast
  2661 | D:3      | Reached skill level 1 in Shields
  2661 | D:3      | Reached skill level 2 in Spellcasting
  2661 | D:3      | Reached skill level 2 in Conjurations
  2661 | D:3      | Reached skill level 2 in Ice Magic
  2661 | D:3      | Reached skill level 2 in Air Magic
  2661 | D:3      | Reached skill level 3 in Earth Magic
  2661 | D:3      | Reached XP level 6. HP: 48/48 MP: 9/9
  2883 | D:3      | Found a shimmering blue altar of Sif Muna.
  3442 | D:4      | Found a staircase to the Ecumenical Temple.
  3449 | Temple   | Entered the Ecumenical Temple
  3468 | Temple   | Became a worshipper of Vehumet
  3953 | D:4      | Reached XP level 7. HP: 54/54 MP: 10/10
  4123 | D:4      | Noticed Blork the orc
  4137 | D:4      | Killed Blork the orc
  4395 | D:4      | Reached * piety under Vehumet
  4395 | D:4      | Offered knowledge of Shock by Vehumet.
  4471 | D:5      | Entered Level 5 of the Dungeon
  4527 | D:5      | HP: 5/54 [centaur/arrow (16)]
  4528 | D:5      | Shot with an arrow by a centaur

Vanquished Creatures
  An ice beast (D:3)
  Blork the orc (D:4)
  3 electric eels (D:3)
  A hound (D:4)
  6 adders
  A shadow imp (D:4)
  3 worms
  2 dart slugs (D:3)
  7 orcs
  6 ball pythons
  6 endoplasms
  2 giant cockroaches
  5 hobgoblins
  4 quokkas
  5 bats
  8 frilled lizards
  10 goblins
  9 kobolds
  8 rats
88 creatures vanquished.

Vanquished Creatures (others)
  A plant (D:3)
  4 toadstools (D:3)
5 creatures vanquished.

Grand Total: 93 creatures vanquished

Table legend: (Time is in decaauts)
 A = Elapsed time spent in this place.
 B = Non-inter-level travel time spent in this place.
 C = Inter-level travel time spent in this place.
 D = Time resting spent in this place.
 E = Time spent auto-exploring this place.
 F = Levels seen in this place.
 G = Mean time per level.
                   A        B        C        D        E       F      G
               +--------+--------+--------+--------+--------+-----+--------+
         Total |   4627 |   4389 |    238 |    362 |   3288 |   6 |  771.2 |
       Dungeon |   4594 |   4368 |    226 |    362 |   3280 |   5 |  918.8 |
        Temple |     32 |     20 |     12 |      0 |      8 |   1 |   32.0 |
               +--------+--------+--------+--------+--------+-----+--------+

Top non-repeatable levels by time:
     D:3: 1661 daAuts
     D:4: 1099 daAuts
     D:1: 1043 daAuts
     D:2: 775 daAuts
  Temple: 32 daAuts
     D:5: 14 daAuts

Table legend:
 A = Non-vault XP
 B = Vault XP
 C = Vault XP percentage of total XP
 D = Non-vault monster count
 E = Vault monster count
 F = Vault count percentage of total count
                 A         B        C        D         E       F
            +---------+---------+-------+---------+---------+-------
      Total |     388 |     281 |  42.0 |      82 |       6 |   6.8
            +---------+---------+-------+---------+---------+-------
        D:1 |      29 |       0 |   0.0 |      21 |       0 |   0.0
        D:2 |      64 |       0 |   0.0 |      15 |       0 |   0.0
        D:3 |     186 |     165 |  47.0 |      23 |       3 |  11.5
        D:4 |     109 |     116 |  51.6 |      23 |       3 |  11.5
            +---------+---------+-------+---------+---------+-------
